 Dungeon Crawl Stone Soup version 0.30-a0-883-g5ad918d77d (webtiles) character file.

Game seed: 13859580708075222946

45 112233 the Magician (level 3, 0/19 HPs)
             Began as a Deep Elf Air Elementalist on Mar 16, 2023.
             Killed by their own static electricity (3 damage)
             ... on level 1 of the Dungeon.
             The game lasted 00:00:45 (1380 turns).

112233 the Magician (Deep Elf Air Elementalist)     Turns: 1380, Time: 00:00:46

Health: 0/19       AC:  2    Str:  5    XL:     3   Next: 42%
Magic:  2/10       EV: 13    Int: 21    God:
Gold:   66         SH:  0    Dex: 15    Spells: 3/9 levels left

rFire   . . .      SeeInvis .    (no weapon)
rCold   . . .      Faith    +    (no shield)
rNeg    . . .      Spirit   .    a - +0 robe
rPois   .          Reflect  .    (no helmet)
rElec   .          Rampage  .    (no cloak)
rCorr   .                        (no gloves)
Will    .....                    (no boots)
Stlth   ++                       d - amulet of faith
HPRegen 0.23/turn                (no ring)
MPRegen 0.12/turn                (no ring)

@: very slightly contaminated
A: no striking features
a: no special abilities


You were on level 1 of the Dungeon.
You visited 1 branch of the dungeon, and saw 1 of its levels.

You collected 66 gold pieces.

Inventory:

Armour
 a - a +0 robe (worn)
Jewellery
 d - an amulet of faith (around neck)
Scrolls
 e - a scroll of enchant weapon {unknown}
 f - a scroll of butterflies {unknown}
 h - a scroll of identify {unknown}
 j - a scroll of immolation {unknown}
Potions
 c - a potion of curing {unknown}
 g - a potion of degeneration {unknown}
 i - a potion of mutation {unknown}


   Skills:
 + Level 3.0 Dodging
 + Level 3.1 Stealth
 + Level 3.5 Spellcasting
 + Level 1.9 Conjurations
 + Level 3.3 Air Magic


You had 3 spell levels left.
You knew the following spells:

 Your Spells              Type           Power      Damage    Failure   Level
a - Shock                 Conj/Air       56%        1d6       4%          1
b - Static Discharge      Conj/Air       28%        2-4/arc   6%          2
c - Swiftness             Air            17%        N/A       10%         3

Your spell library contained the following spells:

 Spells                   Type           Power      Damage    Failure   Level
 Scorch                   Fire           6%         2d5       19%         2
 Dazzling Flash           Conj/Hex       14%        N/A       26%         3
 Call Canine Familiar     Summ           3%         N/A       36%         3
 Portal Projectile        Hex/Tloc       6%         N/A       36%         3
 Airstrike                Air            8%         2d(2-18)  30%         4
 Flame Wave               Conj/Fire      7%         2d5       63%         4
 Iskenderun's Mystic Bla  Conj/Tloc      7%         2d4       63%         4
 Leda's Liquefaction      Hex/Erth       1%         N/A       77%         4
 Starburst                Conj/Fire      3%         6d3       100%        6
 Summon Cactus Giant      Summ           1%         N/A       100%        6


Dungeon Overview and Level Annotations

Branches:
Dungeon (1/15)

Altars:


Message History

The jackal barks!
You hear a shout! x2
The jackal closely misses you.
Unknown command.
Unknown command.
What are your orders? t - Shout!
Orders for allies: a - Attack new target. p - Attack previous target. r - Retreat! s - Stop attacking. g - Guard the area. f - Follow me.
Anything else - Cancel.
Okay, then.
Unknown command.
Casting: Shock (safe; 4% risk of failure)
Confirm with . or Enter, or press ? or * to list all spells.
Aiming: Shock (safe; 4% risk of failure)
Press: ? - help, Shift-Dir - straight line, f/p - jackal
Aim: a jackal (heavily wounded, 64% to hit)
The zap misses the jackal.
The zap hits the hobgoblin.
You kill the hobgoblin!
The zap hits the jackal.
You kill the jackal!
The jackal barely misses you.
Unknown command.
Casting: Shock (safe; 4% risk of failure)
Confirm with . or Enter, or press ? or * to list all spells.
The jackal is struck by an arc of lightning.
The jackal is severely wounded.
You are struck by an arc of lightning.
The lightning grounds out.
The jackal bites you.
* * * LOW HITPOINT WARNING * * *
The jackal closely misses you. The jackal misses you.
Unknown command.
A jackal is nearby!
Casting: Static Discharge (safe; 6% risk of failure)
Confirm with . or Enter, or press ? or * to list all spells.
The jackal is struck by an arc of lightning.
You kill the jackal!
You are struck by an arc of lightning.
You die...

#.# #.##.### #.# #.##.##. #.#
#.##.##. #.# #....... #.#
######## #.# #.# ######
.########.######### #.....
......††....@..÷..######.####
.#.#############.........###.
#............. ##############
# # # #


There were no monsters in sight!

Vanquished Creatures
  A gnoll (D:1)
  2 dart slugs (D:1)
  2 bats (D:1)
  4 endoplasms (D:1)
  A goblin (D:1)
  2 hobgoblins (D:1)
  4 jackals (D:1)
  2 quokkas (D:1)
  4 ball pythons (D:1)
  3 frilled lizards (D:1)
  3 kobolds (D:1)
  3 rats (D:1)
31 creatures vanquished.

Notes
Turn   | Place    | Note
-------+----------+-------------------------------------------
     0 | D:1      | 112233 the Deep Elf Air Elementalist began the quest for
                  | the Orb.
     0 | D:1      | Reached XP level 1. HP: 10/10 MP: 6/6
   418 | D:1      | Reached XP level 2. HP: 15/15 MP: 5/8
   801 | D:1      | Reached XP level 3. HP: 19/19 MP: 5/9
   804 | D:1      | Learned a level 2 spell: Static Discharge
   869 | D:1      | Learned a level 3 spell: Swiftness
  1380 | D:1      | Killed from afar by themself

Illustrated notes

Levels and vault maps discovered:
D:1:      minmay_arrival_wavy_path, layout_loops_ring,
          hangedman_decor_clover_reticule, minmay_tree_intersection,
          supply_closet_lemuel, nicolae_concentric_dashed_squares_mild,
          st_stairs_9, minmay_misc_feat_room

Skill      XL: |  1  2  3 |
---------------+----------+-----
Stealth        | 3 |  3.1
Dodging        | 3 |  3.0
Spellcasting   | |  3.5
Conjurations   | |  1.9
Air Magic      | |  3.3

Action                     || total
---------------------------++-------
  Melee: Unarmed           ||     4
   Cast: Shock             ||    72
         Static Discharge  ||     2
    Use: Potion            ||     1
 Armour: Robe              ||     4
  Dodge: Dodged            ||    20

Table legend: (Time is in decaauts)
 A = Elapsed time spent in this place.
 B = Non-inter-level travel time spent in this place.
 C = Inter-level travel time spent in this place.
 D = Time resting spent in this place.
 E = Time spent auto-exploring this place.
 F = Levels seen in this place.
 G = Mean time per level.
                   A        B        C        D        E       F      G
               +--------+--------+--------+--------+--------+-----+--------+
         Total |   1380 |   1380 |      0 |    120 |   1086 |   1 | 1380.0 |
       Dungeon |   1380 |   1380 |      0 |    120 |   1086 |   1 | 1380.0 |
               +--------+--------+--------+--------+--------+-----+--------+

Top non-repeatable levels by time:
     D:1: 1380 daAuts
